 Dungeon Crawl Stone Soup version 0.17.1-3-g152610e (webtiles) character file.

113 Krapule the Covered (level 4, -2/40 HPs)
             Began as a Minotaur Fighter on Mar 27, 2016.
             Slain by a gnoll
             ... wielding a +0 halberd
              (6 damage)
             ... on level 2 of the Dungeon.
             The game lasted 00:07:10 (2030 turns).

Krapule the Covered (Minotaur Fighter)              Turns: 2030, Time: 00:07:10

Health: -2/40      AC:  8    Str: 21    XL:     4   Next: 65%
Magic:  3/3        EV:  8    Int:  5    God:
Gold:   53         SH:  9    Dex: 10    Spells: 0 memorised, 3 levels left

rFire  . . .     SeeInvis .     a - +0 trident
rCold  . . .     Clarity  .     b - +0 scale mail
rNeg   . . .     SustAt   .     c - +0 shield
rPois  .         Gourm    .     (helmet restricted)
rElec  .         Spirit   .     f - +0 cloak
rCorr  .         Warding  .     (no gloves)
rMut   .         Stasis   .     (no boots)
MR     .....                    g - amulet of rage
Stlth  +.........               (no ring)
                                i - ring of stealth

@: not resistant to hostile enchantments, very unstealthy
A: retaliatory headbutt, horns 2
a: Evoke Berserk Rage


You were on level 2 of the Dungeon.
You were not hungry.

You visited 1 branch of the dungeon, and saw 2 of its levels.

You collected 53 gold pieces.

Inventory:

Hand Weapons
 a - a +0 trident (weapon)
Armour
 b - a +0 scale mail (worn)
 c - a +0 shield (worn)
 f - a +0 cloak (worn)
Jewellery
 g - an amulet of rage (around neck)
 i - a ring of stealth (left hand)
Scrolls
 h - a scroll of teleportation {unknown}
 j - a scroll of enchant weapon {unknown}
 k - a scroll of noise {unknown}
Potions
 d - a potion of might
Comestibles
 e - 2 bread rations


   Skills:
 + Level 4.2 Fighting
 + Level 3.4 Polearms
 + Level 4.6 Armour
 + Level 2.0 Dodging
 + Level 4.1 Shields


You had 3 spell levels left.
You didn't know any spells.

Dungeon Overview and Level Annotations

Branches:
Dungeon (2/15)

Altars:
Beogh

Annotations:
D:2 Sigmund


Innate Abilities, Weirdness & Mutations

You reflexively headbutt those who attack you in melee.
You have a pair of horns on your head.


Message History

You reach to attack!
You hit the gnoll.
The gnoll is moderately wounded.
The gnoll barely misses you. The gnoll hits you with a halberd.
You see here a gnoll corpse.
You hit the gnoll. Your headbutt misses the gnoll.
The gnoll is heavily wounded.
The gnoll hits you with a halberd!
* * * LOW HITPOINT WARNING * * *
You barely miss the gnoll. Your headbutt misses the gnoll.
The gnoll is heavily wounded.
The gnoll hits you with a halberd.
* * * LOW HITPOINT WARNING * * *
You barely miss the gnoll. You headbutt the gnoll.
The gnoll is severely wounded.
You block the gnoll's attack.
You hit the gnoll but do no damage.
The gnoll is severely wounded.
The gnoll hits you with a halberd.
You die...

#>###.......# ##
#.#.........# ..
#.#.#.......#
#.##.#..รท#.#####
#.....#....#########
####..#..#..........
#..####..#..#..........
#....<.g.#..#..........
.(!.#..##@#..#..........
g #.)##.#..###.##...##
....#.....# #.####.#
#....#####.###.#.. .#
##### #...#.#.# #
###.#.#)#######
#.#..........
#.###.######.
#.....#...#..


You could see a gnoll.

Vanquished Creatures
  2 orc wizards (D:1)
  An adder (D:2)
  A gnoll (D:2)
  4 orcs (D:1)
  3 bats (D:1)
  5 goblins (D:1)
  7 hobgoblins (D:1)
  3 jackals (D:1)
  4 kobolds (D:1)
  4 giant newts (D:1)
  3 rats (D:1)
37 creatures vanquished.

Vanquished Creatures (others)
  An orc (D:1)
1 creature vanquished.

Grand Total: 38 creatures vanquished

Notes
Turn   | Place    | Note
--------------------------------------------------------------
     0 | D:1      | Krapule the Minotaur Fighter began the quest for the Orb.
     0 | D:1      | Reached XP level 1. HP: 19/19 MP: 0/0
    33 | D:1      | Reached XP level 2. HP: 20/27 MP: 1/1
   206 | D:1      | Found a roughly hewn altar of Beogh.
   207 | D:1      | Noticed an orc wizard
   207 | D:1      | Noticed an orc warrior
   757 | D:1      | Reached skill level 4 in Armour
   786 | D:1      | Noticed an orc wizard
   821 | D:1      | Killed an orc wizard
   821 | D:1      | Reached skill level 1 in Dodging
   821 | D:1      | Reached XP level 3. HP: 33/33 MP: 2/2
   885 | D:1      | Killed an orc wizard
   885 | D:1      | Reached XP level 4. HP: 40/40 MP: 3/3
  1911 | D:2      | Noticed Sigmund
  2030 | D:2      | Slain by a gnoll

Action                   |  1- 3 |  4- 6 || total
-------------------------+-------+-------++-------
Melee: Trident           |   112 |    53 ||   165
  Use: Scroll            |     1 |       ||     1
  Eat: Chunk             |       |     4 ||     4
